 Dungeon Crawl Stone Soup version 0.31-a0-1403-gd128f73 (webtiles) character file.

Game seed: 13598244077753749434

28397 samfromsteam the Fencer (level 13, -1/119 HPs)
             Began as a Minotaur Fighter on Dec 25, 2023.
             Was a High Priest of the Shining One.
             Slain by an elephant (2 damage)
             ... on level 3 of the Lair of Beasts.
             The game lasted 00:54:20 (13444 turns).

samfromsteam the Fencer (Minotaur Fighter)         Turns: 13444, Time: 00:54:22

Health: -1/119     AC: 14    Str: 25    XL:     13   Next: 9%
Magic:  9/12       EV: 11    Int:  4    God:    the Shining One [*****.]
Gold:   504        SH: 13    Dex: 14    Spells: 12/12 levels left

rFire   . . .        G - +5 scimitar (freeze)
rCold   . . .        c - +0 buckler
rNeg    + + .        D - +3 leather armour
rPois   .            (helmet unavailable)
rElec   .            n - +0 cloak
rCorr   .            y - +0 pair of gloves
SInv    .            (no boots)
Will    .....        (no amulet)
Stlth   +            j - +4 ring of protection
HPRegen 0.39/turn    g - +4 ring of slaying
MPRegen 0.13/turn

%: no passive effects
@: lethally poisoned (-1 -> -3), divinely shielded, slowed, glowing, very slow
A: horns 3, retaliatory headbutt, agile 1, sense surroundings 1
a: Renounce Religion, Divine Shield, Cleansing Flame, Summon Divine Warrior


You were on level 3 of the Lair of Beasts.
You worshipped the Shining One.
The Shining One was extremely pleased with you.
You visited 3 branches of the dungeon, and saw 12 of its levels.
You visited the Abyss 1 time.
You also visited: Bailey.

You collected 622 gold pieces.
You spent 118 gold pieces at shops.

Inventory:

Hand Weapons
 E - a +2 whip of electrocution
 G - a +5 scimitar of freezing (weapon)
Missiles
 o - 9 throwing nets {!f}
Armour
 c - a +0 buckler (worn)
 n - a +0 cloak (worn)
 y - a +0 pair of gloves (worn)
 D - a +3 leather armour (worn)
Jewellery
 f - a ring of positive energy
 g - a +4 ring of slaying (right hand)
 j - a +4 ring of protection (left hand)
 q - a ring of resist corrosion
 A - a ring of protection from fire
 B - a ring of willpower
Wands
 p - a wand of polymorph (9)
Scrolls
 b - 2 scrolls of brand weapon {unknown}
 h - 5 scrolls of identify (quivered)
 k - 2 scrolls of fog {unknown}
 l - 2 scrolls of blinking {unknown}
 m - 2 scrolls of immolation {unknown}
 r - 5 scrolls of teleportation {unknown}
 s - a scroll of enchant weapon {unknown}
 t - 3 scrolls of poison {unknown}
 u - 3 scrolls of amnesia {unknown}
 z - a scroll of summoning {unknown}
 F - a scroll of vulnerability {unknown}
 I - a scroll of enchant armour {unknown}
Potions
 e - 4 potions of enlightenment
 i - 7 potions of brilliance
 v - 2 potions of haste {unknown}
 x - a potion of attraction {!q}
 C - 2 potions of magic
 H - a potion of degeneration {unknown}
 J - a potion of resistance {unknown}
 K - a potion of mutation {!q!q}


   Skills:
 + Level 12.5 Fighting
 * Level 16.8 Long Blades
 + Level 12.5 Armour
 + Level 12.6 Shields


You had 12 spell levels left.
You didn't know any spells.
Your spell library contained the following spells:

 Spells                   Type           Power      Damage    Failure   Level
 Freeze                   Ice            0%         1d3       56%         1
 Blink                    Tloc           0%         N/A       71%         2
 Jinxbite                 Hex            0%         N/A       71%         2
 Lesser Beckoning         Tloc           0%         N/A       71%         2
 Momentum Strike          Conj/Tloc      0%         3d8       71%         2
 Frozen Ramparts          Ice            0%         1d1       91%         3
 Fugue of the Fallen      Necr           0%         N/A       91%         3
 Hailstorm                Conj/Ice       0%         3d5       91%         3
 Inner Flame              Hex/Fire       0%         N/A       91%         3
 Ozocubu's Armour         Ice            0%         N/A       91%         3
 Summon Guardian Golem    Hex/Summ       0%         N/A       91%         3
 Tukima's Dance           Hex            0%         N/A       91%         3
 Dimensional Bullseye     Hex/Tloc       0%         N/A       100%        4
 Iskenderun's Mystic Bla  Conj/Tloc      0%         2d3       100%        4
 Manifold Assault         Tloc           0%         N/A       100%        4
 Passage of Golubria      Tloc           0%         N/A       100%        4
 Irradiate                Conj/Alch      0%         3d11      100%        5
 Silence                  Hex/Air        0%         N/A       100%        5
 Yara's Violent Unravell  Hex/Alch       0%         3d3       100%        5
 Death Channel            Necr           0%         N/A       100%        6
 Simulacrum               Ice/Necr       0%         N/A       100%        6
 Enfeeble                 Hex            0%         N/A       100%        7
 Orb of Destruction       Conj           0%         9d5       100%        7
 Spellforged Servitor     Conj/Summ      0%         N/A       100%        7
 Discord                  Hex            0%         N/A       100%        8
 Ignition                 Fire           0%         3d3       100%        8
 Lehudib's Crystal Spear  Conj/Erth      0%         10d2      100%        8


Dungeon Overview and Level Annotations

Branches:
Dungeon (8/15)             Temple (1/1) D:6            Lair (3/5) D:8
 Spider (0/4) Lair:2       Bailey (visited)
  Swamp: Lair:2-3    Shoals: Lair:2-3

Altars:
Ashenzari
Cheibriados
Dithmenos
Elyvilon
Fedhas
Gozag
Hepliaklqana
Kikubaaqudgha
Makhleb
Nemelex Xobeh
Okawaru
Qazlal
Ru
Sif Muna
Trog
Uskayaw
Vehumet
Wu Jian
Xom
Yredelemnul
Zin
The Shining One

Shops:
D:3 ?   D:7 !

Annotations:
Temple 2 transporters
Lair:3 Sonja


Innate Abilities, Weirdness & Mutations

You have a pair of large horns on your head.
You reflexively headbutt those who attack you in melee.
You are agile. (Dex +4, Str/Int -1)
You passively map a small area around you.


Message History

The water moccasin barely misses you. The elephant barely misses you.
You furiously retaliate!
You headbutt the elephant!! You block the elephant's attack.
The elephant barely misses you.
The elephant trunk-slaps you but does no damage.
You block the wolf's attack. The water moccasin closely misses you.
You furiously retaliate!
You headbutt the water moccasin!
You kill the water moccasin!
The elephant tramples you but does no damage.
The elephant barely misses you. x2; You furiously retaliate!
You headbutt the elephant!!
The elephant trunk-slaps you but does no damage.
There is a stone staircase leading up, spattered with blood here.
You feel sick. The wolf misses you. The wolf bites you but does no damage.
The elephant tramples you.
* * * LOW HITPOINT WARNING * * *
You hold your ground!
The elephant trunk-slaps you but does no damage.
The elephant tramples you.
* * * LOW HITPOINT WARNING * * *
You hold your ground!
You block the elephant's attack. The elephant tramples you.
* * * LOW HITPOINT WARNING * * *
You stumble backwards!
You stop ascending the stairs.
Unknown command.
You slash the elephant! You freeze the elephant. You headbutt the elephant.
The elephant is moderately wounded.
* * * LOW HITPOINT WARNING * * *
You feel sick. The wolf bites you.
* * * LOW HITPOINT WARNING * * *
The elephant barely misses you.
The elephant trunk-slaps you but does no damage.
The wolf completely misses you.
Unknown command.
Your shield is strengthened by the Shining One's divine power.
* * * LOW HITPOINT WARNING * * *
You feel sick. You block the wolf's attack.
Sonja shouts, "Some dancing partner you are!"
Sonja gestures wildly while chanting.
Sonja blinks!
The elephant tramples you.
You die...

,, .........*.##....
, ......#.##....?...
,
P........##........,
, .........#.......(
, ,
.......P........P. ,
, ,.......P.......##
.....#.#........##
*~ *
.......#ยง........#
*.......@YY..#..#.#
* , ,
#....#.hYY..#P..# ~
* ../..#......# ..#
* .......#.......# *
* ~
*..............#* ~
, .#..P.P....#..# ~
, ........#..#.... *
* ........#...#....
, ......P.....#....


You could see 4 elephants and a wolf.

Vanquished Creatures
  A green death (Abyss:1)
  Fannar (Lair:2)
  2 thrashing horrors
  3 death yaks (D:8)
  A skyshark (Lair:2)
  Amaemon (Lair:2)
  Pikel (D:6)
  A shadow dragon skeleton (Abyss:1)
  3 worldbinders
  A large abomination (Abyss:1)
  10 elephants
  A torpor snail (Lair:3)
  4 cane toads
  An orange demon (Lair:2)
  Joseph (D:7)
  2 black mambas
  3 komodo dragons
  An ancient zyme (Abyss:1)
  3 polar bears (Lair:2)
  A troll (D:7)
  A hornet (D:7)
  A hellwing (Abyss:3)
  3 raiju (Abyss:3)
  4 blink frogs (Lair:1)
  6 dream sheep (Lair:2)
  5 culicivoras (Lair:2)
  3 basilisks (Lair:2)
  18 yaks
  Eustachio (D:6)
  2 vampire mosquitoes (D:7)
  Menkaure (D:6)
  The ghost of sol123 the Conjurer, an amateur DECj (D:4)
  9 water moccasins
  An orc warrior (D:8)
  An ice beast (D:7)
  A sky beast (D:7)
  2 ogres
  10 wolves
  2 lemures
  A phantom (D:6)
  Blork the orc (D:4)
  A kobold brigand (D:8)
  8 bullfrogs
  9 gnoll sergeants (Bailey)
  2 scorpions (D:4)
  18 wights
  5 killer bees (D:8)
  A howler monkey (D:7)
  3 bombardier beetles
  5 jellies
  4 hounds
  7 gnoll boudas
  2 orc priests (D:5)
  Crazy Yiuf (D:2)
  4 iguanas
  5 orc wizards
  19 gnolls
  A river rat (D:8)
  10 adders
  2 shadow imps
  4 white imps
  2 ufetubi (D:6)
  2 worms
  13 orcs
  5 bats
  15 endoplasms
  4 giant cockroaches
  9 goblins
  8 hobgoblins
  7 jackals
  17 kobolds
  6 quokkas
  9 ball pythons
  4 frilled lizards
  7 rats
335 creatures vanquished.

Vanquished Creatures (others)
  An orc wizard (D:5)
1 creature vanquished.

Grand Total: 336 creatures vanquished

Notes
Turn   | Place    | Note
-------+----------+-------------------------------------------
     0 | D:1      | samfromsteam the Minotaur Fighter began the quest for the
                  | Orb.
     0 | D:1      | Reached XP level 1. HP: 19/19 MP: 0/0
    81 | D:1      | Reached XP level 2. HP: 26/27 MP: 1/1
   383 | D:1      | Reached skill level 3 in Long Blades
   624 | D:2      | Reached XP level 3. HP: 32/33 MP: 2/2
   789 | D:2      | Reached XP level 4. HP: 35/40 MP: 3/3
   937 | D:2      | Reached skill level 4 in Long Blades
  1119 | D:2      | Reached XP level 5. HP: 14/47 MP: 4/4
  1256 | D:2      | Gained mutation: You are agile. (Dex +4, Str/Int -1)
                  | [potion of mutation]
  1256 | D:2      | Gained mutation: You have a pair of large horns on your
                  | head. [potion of mutation]
  1256 | D:2      | Gained mutation: You passively map a small area around you.
                  | [potion of mutation]
  1300 | D:2      | Found a stormy altar of Qazlal.
  1300 | D:2      | Found a hazy altar of Hepliaklqana.
  1300 | D:2      | Found a shadowy altar of Dithmenos.
  1300 | D:2      | Found a broken altar of Ashenzari.
  1300 | D:2      | Found a hazy altar of Hepliaklqana.
  1300 | D:2      | Found a blossoming altar of Fedhas.
  1411 | D:2      | Found a runed translucent door.
  1414 | D:2      | Noticed Crazy Yiuf
  1801 | D:2      | Killed Crazy Yiuf
  1802 | D:2      | Reached skill level 5 in Long Blades
  2116 | D:3      | Got Fibuc's Vademecum on Charnel Bewitchment
  2186 | D:3      | Reached XP level 6. HP: 55/55 MP: 5/5
  2515 | D:3      | Found Jilikhoa's Magic Scroll Boutique.
  2518 | D:3      | Bought a scroll of fear for 52 gold pieces
  2775 | D:4      | Noticed a water moccasin
  2858 | D:4      | Reached skill level 5 in Fighting
  2858 | D:4      | Reached skill level 5 in Armour
  2858 | D:4      | Reached skill level 5 in Shields
  2893 | D:4      | Found a faded altar of an unknown god.
  2893 | D:4      | Noticed Blork the orc
  2896 | D:4      | Found a hazy altar of Hepliaklqana.
  2899 | D:4      | Killed Blork the orc
  2991 | D:4      | Noticed sol123's ghost (amateur DECj)
  3003 | D:4      | Found a transporter.
  3025 | D:4      | Found a transporter.
  3109 | D:4      | Killed a water moccasin
  3110 | D:4      | Reached skill level 6 in Long Blades
  3110 | D:4      | Reached XP level 7. HP: 60/61 MP: 6/6
  3113 | D:4      | Killed sol123's ghost
  3165 | D:5      | Entered Level 5 of the Dungeon
  3777 | D:5      | Reached skill level 7 in Long Blades
  3886 | D:5      | Found a shadowy altar of Dithmenos.
  4420 | D:6      | Reached XP level 8. HP: 70/70 MP: 7/7
  4714 | D:6      | Found a staircase to the Ecumenical Temple.
  4756 | D:6      | Noticed Menkaure
  4765 | D:6      | Killed Menkaure
  4772 | Temple   | Found a transporter.
  4772 | Temple   | Found a transporter.
  4772 | Temple   | Found a transporter.
  4772 | Temple   | Found a transporter.
  4772 | Temple   | Entered the Ecumenical Temple
  4790 | Temple   | Became a worshipper of the Shining One
  4830 | D:6      | Reached skill level 8 in Long Blades
  4852 | D:6      | Noticed Pikel
  4938 | D:6      | Identified the +5 dagger of Xom's Delight {venom, rC+}
  5030 | D:6      | Noticed Eustachio
  5050 | D:6      | Killed Eustachio
  5306 | D:6      | Killed Pikel
  5307 | D:6      | Reached skill level 9 in Long Blades
  5307 | D:6      | Reached XP level 9. HP: 57/79 MP: 8/8
  5537 | D:7      | Noticed Joseph
  5558 | D:7      | Killed Joseph
  5636 | D:7      | Found Reatwa's Distillery.
  6118 | D:7      | Reached skill level 10 in Long Blades
  6304 | D:7      | Reached * piety under the Shining One
  6368 | D:7      | Noticed a troll
  6378 | D:7      | Killed a troll
  6386 | D:7      | Reached skill level 11 in Long Blades
  6397 | D:7      | Reached XP level 10. HP: 83/90 MP: 9/9
  6542 | D:7      | Bought a potion of curing for 33 gold pieces
  6542 | D:7      | Bought a potion of curing for 33 gold pieces
  6628 | D:8      | Found a flagged portal.
  6708 | Bailey   | Entered a bailey
  7110 | Bailey   | Reached ** piety under the Shining One
  7937 | D:8      | Noticed a death yak
  7958 | D:8      | Reached skill level 12 in Long Blades
  8073 | D:8      | Killed a death yak
  8153 | D:8      | Found an opulent altar of Gozag.
  8310 | D:8      | Found a broken altar of Ashenzari.
  8310 | D:8      | Found a snail-covered altar of Cheibriados.
  8473 | D:8      | Reached *** piety under the Shining One
  8503 | D:8      | Found a staircase to the Lair.
  8503 | D:8      | Noticed a death yak
  8505 | D:8      | Noticed a death yak
  8524 | D:8      | Killed a death yak
  8534 | D:8      | HP: 1/93 [death yak (14)]
  8535 | D:8      | Killed a death yak
  8536 | D:8      | Reached skill level 13 in Long Blades
  8536 | D:8      | Reached XP level 11. HP: 1/99 MP: 10/10
  8940 | Lair:1   | Entered Level 1 of the Lair of Beasts
  8950 | Lair:1   | Reached skill level 10 in Fighting
  8950 | Lair:1   | Reached skill level 10 in Armour
  8950 | Lair:1   | Reached skill level 10 in Shields
  9484 | Lair:1   | Reached skill level 14 in Long Blades
 10476 | Lair:2   | Reached XP level 12. HP: 66/110 MP: 11/11
 10681 | Lair:2   | Found a hole to the Spider Nest.
 10681 | Lair:2   | Reached **** piety under the Shining One
 10770 | Lair:2   | Reached skill level 15 in Long Blades
 11108 | Lair:2   | Noticed Fannar
 11257 | Lair:2   | Killed Fannar
 11738 | Lair:2   | Noticed Amaemon
 11749 | Lair:2   | Killed Amaemon
 11758 | Lair:2   | Reached skill level 16 in Long Blades
 12452 | Lair:3   | Noticed Sonja
 12457 | Abyss:1  | Cast into level 1 of the Abyss (Sonja)
 12465 | Abyss:1  | Noticed a starcursed mass
 12505 | Abyss:1  | Noticed a purple very ugly thing
 12507 | Abyss:1  | Noticed an ironbound thunderhulk
 12510 | Abyss:1  | Noticed an ironbound thunderhulk
 12510 | Abyss:1  | Noticed an ironbound thunderhulk
 12553 | Abyss:1  | Noticed a green death
 12569 | Abyss:1  | HP: 11/112 [green death/bolt of poison (35)]
 12573 | Abyss:1  | Killed a green death
 12637 | Abyss:1  | Noticed a bone dragon
 12827 | Abyss:1  | Noticed a hell hog
 12827 | Abyss:1  | Reached ***** piety under the Shining One
 12828 | Abyss:1  | Noticed a hell hog
 12836 | Abyss:1  | Noticed a green very ugly thing
 12838 | Abyss:1  | Noticed a hell hog
 12841 | Abyss:2  | Noticed a starflower
 12876 | Abyss:3  | Noticed a naga warrior
 13012 | Abyss:3  | Reached XP level 13. HP: 63/119 MP: 12/12
 13026 | Abyss:3  | Noticed a red very ugly thing
 13026 | Lair:3   | Escaped the Abyss
 13031 | Lair:3   | HP: 5/119 [elephant (9)]
 13036 | Lair:3   | HP: 6/119 [poisoned by a water moccasin]
 13442 | Lair:3   | HP: 11/119 [elephant (1)]
 13442 | Lair:3   | HP: 4/119 [elephant (3)]
 13444 | Lair:3   | HP: 1/119 [poisoned by Sonja (curare-tipped dart)]
 13444 | Lair:3   | Slain by an elephant

Illustrated notes

Levels and vault maps discovered:
D:1:      minmay_arrival_wavy_path, layout_basic
D:2:      cheibrodos_fertilizer, layout_loops_ring, uniq_crazy_yiuf_cottage
D:3:      layout_basic, serial_shops, nicolae_shop_window_shopping,
          minmay_misc_feat_alley
D:4:      layout_rooms, beargit_hepliaklqana_dungeon_heroes,
          gammafunk_ghost_arena
D:5:      layout_basic, mainiacjoe_overflow_concentric_impassable,
          chequers_serial_rivers_small_b, corexii_item_surrounded_by_moat,
          nicolae_tricolors
D:6:      layout_basic, minmay_temple_entry_purple_smoke, uniq_menkaure,
          uniq_eustachio, uniq_pikel
D:7:      minmay_slanted_spiral_squares, layout_basic, serial_shops,
          nicolae_shop_tiny_glass, uniq_joseph
D:8:      layout_rooms, gammafunk_temple_overflow_elements,
          nicolae_gozag_seed_capital, dpeg_lair_monsters, enter_bailey_6
Temple:   hellmonk_temple_divided_pantheon
Lair:1:   layout_misc_corridors
Lair:2:   layout_cave_shapes, hellmonk_spider_entry_life_and_decay,
          uniq_amaemon, uniq_fannar
Lair:3:   layout_long_grid, mainiacjoe_shoals_entry_four_pools,
          grunt_megastairs_2, uniq_sonja, uniq_rupert

Skill      XL: |  1  2  3  4  5  6  7  8  9 10 11 12 |
---------------+-------------------------------------+-----
Long Blades    | 3 4 5 6 7 9 11 13 14 16 | 16.8
Fighting       | 4 5 6 7 8 9 11 12 | 12.5
Armour         | 4 5 6 7 8 9 11 12 | 12.5
Shields        | 4 5 6 7 8 9 11 12 | 12.6

Action                     |  1- 3 |  4- 6 |  7- 9 | 10-12 | 13-15 || total
---------------------------+-------+-------+-------+-------+-------++-------
  Melee: Long sword        |    85 |   137 |   101 |       |       ||   323
         Headbutt          |     4 |    21 |    40 |   133 |     8 ||   206
         Unarmed           |       |     3 |       |       |       ||     3
         Whip              |       |       |    63 |   172 |       ||   235
         Scimitar          |       |       |       |   290 |    27 ||   317
 Invoke: Divine Shield     |       |       |       |       |     1 ||     1
    Use: Potion            |       |     4 |     1 |     8 |     1 ||    14
         Scroll            |       |       |     5 |     1 |     1 ||     7
 Armour: Scale mail        |    59 |    80 |    49 |       |       ||   188
         Skin              |       |    10 |       |       |       ||    10
         Leather armour    |       |       |    84 |   420 |    99 ||   603
  Dodge: Dodged            |    41 |    58 |    69 |   212 |    67 ||   447
  Block: Buckler           |    15 |    19 |    40 |   162 |    36 ||   272

Table legend: (Time is in decaauts)
 A = Elapsed time spent in this place.
 B = Non-inter-level travel time spent in this place.
 C = Inter-level travel time spent in this place.
 D = Time resting spent in this place.
 E = Time spent auto-exploring this place.
 F = Levels seen in this place.
 G = Mean time per level.
                   A        B        C        D        E       F      G
               +--------+--------+--------+--------+--------+-----+--------+
         Total |  13465 |  13140 |    325 |   3376 |   6807 |  16 |  841.6 |
       Dungeon |   7764 |   7510 |    254 |   1127 |   4782 |   8 |  970.5 |
        Temple |     38 |     38 |      0 |      0 |      0 |   1 |   38.0 |
          Lair |   3886 |   3815 |     71 |   1627 |   1639 |   3 | 1295.3 |
         Abyss |    556 |    556 |      0 |    403 |      0 |   3 |  185.3 |
        Bailey |   1219 |   1219 |      0 |    219 |    386 |   1 | 1219.0 |
               +--------+--------+--------+--------+--------+-----+--------+

Top non-repeatable levels by time:
  Lair:2: 2478 daAuts
     D:5: 1485 daAuts
     D:7: 1427 daAuts
     D:2: 1381 daAuts
  Lair:1: 1365 daAuts
  Bailey: 1219 daAuts
     D:8: 980 daAuts
     D:3: 695 daAuts
     D:6: 658 daAuts
     D:1: 606 daAuts
     D:4: 529 daAuts
 Abyss:1: 381 daAuts
 Abyss:3: 169 daAuts
  Lair:3: 42 daAuts
  Temple: 38 daAuts
